AoeStats
← oneal321

Lombardia

510201991Analyzed
4v4 RM · 15h ago on Sep 29, 2026· 88m 28s· 8 players
Game mode
Random Map
Map size
Large (8 player)
Population
200
Speed
Normal
Resources
Standard
Victory
Conquest
Starting age
Dark Age
Ending age
Imperial Age
RankedLock teamsTeams togetherTeam positionsShared explorationLock speedFull tech treeHidden civsTurbo modeCheats
Victory
Defeat
🇦🇷 Vietnamese · Argentina
739
+10
🇦🇷 Sicilians · Argentina
697
+12
🇺🇸 Goths · United States
679
+13
🇦🇷 Persians · Argentina
662
+13
🇲🇽 Vietnamese · Mexico
655
-13
🇨🇦 Danes · Canada
629
-13
🇺🇸 Ethiopians · United States
571
-11
🇨🇦 Britons · Canada
569
-11
oneal321
1:19 Loom
12:38 Feudal Age
16:57 Fletching
17:19 Forging
17:10 Scale Mail Armor
17:17 Scale Barding Armor
17:57 Man-at-Arms
18:59 Double-Bit Axe
22:25 Bloodlines
24:32 Horse Collar
28:26 Castle Age
29:49 Long Swordsman
29:59 Pikeman
31:40 Squires
31:52 Husbandry
32:14 Chain Mail Armor
33:03 Heavy Plow
32:54 Elite Skirmisher
35:16 Iron Casting
36:16 Bow Saw
39:28 Caravan
41:24 Chain Barding Armor
41:03 Bodkin Arrow
42:26 Wheelbarrow
41:53 Murder Holes
42:21 Ballistics
41:47 Treadmill Crane
46:24 Imperial Age
44:27 Masonry
44:29 Padded Archer Armor
45:16 Anarchy
46:38 Halberdier
49:34 Chemistry
49:07 Architecture
48:39 Imperial Skirmisher
49:03 Light Cavalry
52:43 Bracer
53:45 Blast Furnace
52:16 Two-Handed Swordsman
54:02 Conscription
53:27 Heavy Scorpion
55:22 Leather Archer Armor
56:47 Crop Rotation
57:23 Two-Man Saw
56:33 Perfusion
57:43 Cavalier
60:47 Champion
74:37 Elite Huskarl
JuaniiHalls
26:46 Loom
32:56 Feudal Age
34:40 Double-Bit Axe
37:33 Town Watch
38:23 Wheelbarrow
37:39 Horse Collar
39:23 Gold Mining
42:40 Castle Age
41:50 Stone Mining
44:55 Bow Saw
48:14 Gold Shaft Mining
48:49 Caravan
50:03 Stone Shaft Mining
52:06 Heavy Plow
53:31 Hand Cart
56:56 Imperial Age
55:36 Kamandaran
55:10 Crossbowman
56:41 Fletching
56:52 Padded Archer Armor
57:31 Murder Holes
57:54 Thumb Ring
59:36 Two-Man Saw
58:56 Leather Archer Armor
59:00 Bodkin Arrow
60:44 Chemistry
60:19 Heated Shot
60:52 Ballistics
61:47 Ring Archer Armor
62:20 Scale Barding Armor
61:38 Heavy Camel Rider
63:03 Scale Mail Armor
63:14 Forging
64:38 Arson
64:54 Squires
64:14 Pikeman
66:41 Chain Barding Armor
66:24 Husbandry
68:31 Plate Barding Armor
68:11 Chain Mail Armor
68:32 Iron Casting
67:35 Capped Ram
69:36 Husbandry
69:49 Bloodlines
72:19 Heavy Scorpion
75:20 Plate Mail Armor
75:50 Blast Furnace
83:58 Onager
83:59 Siege Ram
85:41 Conscription
85:57 Hoardings
86:08 Citadels
elnano4cchi
3:52 Loom
11:09 Feudal Age
12:15 Stone Mining
21:52 Castle Age
20:31 Double-Bit Axe
20:33 Horse Collar
21:37 Gold Mining
23:21 Bow Saw
23:15 Heavy Plow
27:23 Stone Shaft Mining
27:25 Gold Shaft Mining
29:44 Wheelbarrow
29:33 Squires
30:23 Husbandry
31:08 Hand Cart
37:29 Imperial Age
36:16 Pikeman
37:42 Cavalier
39:25 Hauberk
39:35 Forging
41:28 Iron Casting
40:21 Halberdier
43:04 Capped Ram
45:03 Blast Furnace
43:58 Heavy Scorpion
45:58 Siege Engineers
46:42 Scale Barding Armor
46:38 Scale Mail Armor
46:53 Guilds
46:53 Caravan
48:49 Murder Holes
49:06 Masonry
49:17 Ballistics
48:44 Arrowslits
50:00 Chemistry
50:09 Chain Barding Armor
50:04 Chain Mail Armor
53:03 Plate Barding Armor
52:59 Plate Mail Armor
54:20 Conscription
53:23 Elite Serjeant
54:39 Hoardings
58:17 Crop Rotation
62:26 First Crusade
70:11 Siege Ram
71:22 Onager
81:51 Siege Onager
86:45 Arson
Alejo11382
7:19 Loom
10:53 Feudal Age
11:46 Double-Bit Axe
12:08 Horse Collar
13:49 Gold Mining
15:44 Wheelbarrow
15:05 Town Watch
18:28 Castle Age
18:43 Stone Mining
19:39 Bow Saw
19:52 Heavy Plow
20:43 Forging
20:34 Padded Archer Armor
20:25 Fletching
21:15 Thumb Ring
22:41 Stone Shaft Mining
21:58 Crossbowman
22:37 Bodkin Arrow
24:27 Hand Cart
25:46 Town Patrol
28:36 Ballistics
33:04 Imperial Age
34:08 Arbalester
34:44 Elite Skirmisher
36:19 Crop Rotation
37:29 Two-Man Saw
37:51 Imperial Skirmisher
39:25 Leather Archer Armor
39:11 Bracer
39:31 Forging
39:27 Scale Barding Armor
39:00 Elite Rattan Archer
39:43 Chatras
40:06 Paper Money
41:43 Chemistry
41:16 Ring Archer Armor
41:23 Husbandry
41:36 Bloodlines
45:07 Elite Battle Elephant
46:46 Squires
51:28 Chain Barding Armor
51:08 Scale Mail Armor
51:44 Iron Casting
54:51 Block Printing
55:06 Pikeman
58:18 Halberdier
68:22 Plate Barding Armor
68:03 Chain Mail Armor
71:26 Caravan
V snacks
4:27 Loom
14:41 Feudal Age
16:47 Town Watch
20:12 Double-Bit Axe
24:18 Castle Age
23:42 Scale Mail Armor
25:52 Stone Mining
25:58 Fletching
32:16 Bodkin Arrow
36:04 Wheelbarrow
36:41 Caravan
37:29 Squires
36:51 Pikeman
46:06 Imperial Age
47:04 Hand Cart
50:24 Bracer
50:41 Chain Mail Armor
50:36 Forging
51:00 Horse Collar
50:51 Elite Varangian Guard
53:18 Halberdier
54:33 Plate Mail Armor
54:38 Iron Casting
54:29 Onager
57:36 Siege Onager
66:36 Bow Saw
70:28 Blast Furnace
77:40 Northmen's Fury
78:18 Arson
icanfly7
0:41 Loom
15:57 Feudal Age
21:04 Castle Age
25:13 Crossbowman
25:59 Thumb Ring
29:33 Fletching
29:44 Padded Archer Armor
30:04 Forging
34:35 Double-Bit Axe
34:39 Horse Collar
36:11 Bow Saw
36:08 Heavy Plow
38:46 Wheelbarrow
37:57 Town Watch
38:29 Stone Mining
39:14 Town Patrol
39:31 Gold Mining
40:22 Iron Casting
39:45 Bodkin Arrow
40:12 Fortified Wall
43:34 Imperial Age
42:38 Stone Shaft Mining
42:39 Gold Shaft Mining
42:16 Squires
42:02 Arson
42:50 Ballistics
42:28 Murder Holes
42:37 Scale Mail Armor
42:41 Bodkin Arrow
43:00 Caravan
43:57 Masonry
44:07 Leather Archer Armor
44:13 Elite Skirmisher
45:58 Conscription
46:13 Hand Cart
47:08 Chemistry
46:08 Imperial Skirmisher
48:00 Onager
49:07 Murder Holes
49:30 Arbalester
50:15 Bracer
50:32 Chain Mail Armor
54:14 Siege Onager
59:28 Siege Engineers
59:55 Architecture
59:29 Torsion Engines
62:05 Halberdier
64:19 Blast Furnace
63:51 Plate Mail Armor
63:52 Ring Archer Armor
64:55 Two-Man Saw
74:06 Royal Heirs
73:27 Elite Shotel Warrior
chuchorex123
0:31 Loom
12:24 Feudal Age
21:47 Castle Age
19:33 Horse Collar
19:40 Double-Bit Axe
23:49 Bow Saw
25:13 Gold Mining
26:24 Wheelbarrow
29:47 Hand Cart
32:47 Thumb Ring
32:39 Fletching
37:50 Imperial Age
35:09 Town Watch
36:45 Elite Skirmisher
37:24 Bodkin Arrow
37:35 Scale Barding Armor
37:41 Forging
38:00 Town Patrol
38:57 Imperial Skirmisher
39:42 Chatras
39:13 Elite Battle Elephant
41:20 Bracer
42:44 Two-Man Saw
42:41 Iron Casting
42:08 Padded Archer Armor
42:42 Ballistics
44:43 Chemistry
45:03 Leather Archer Armor
45:09 Chain Barding Armor
48:07 Plate Barding Armor
48:03 Ring Archer Armor
48:23 Paper Money
48:19 Heavy Plow
48:11 Stone Mining
49:58 Devotion
49:57 Herbal Medicine
50:24 Sanctity
50:45 Bloodlines
49:56 Light Cavalry
50:37 Husbandry
52:00 Scale Mail Armor
57:18 Caravan
58:15 Chain Mail Armor
58:14 Fortified Wall
57:45 Treadmill Crane
61:36 Crop Rotation
62:26 Cavalier
69:00 Theocracy
69:39 Elite Rattan Archer
70:55 Hoardings
77:31 Onager
nduivenvo
0:42 Loom
10:33 Feudal Age
11:02 Horse Collar
11:09 Double-Bit Axe
11:47 Man-at-Arms
14:03 Wheelbarrow
14:29 Gold Mining
14:30 Stone Mining
17:28 Town Watch
20:56 Castle Age
22:10 Bow Saw
22:39 Gold Shaft Mining
22:09 Heavy Plow
24:18 Hand Cart
24:05 Town Patrol
24:20 Forging
24:04 Long Swordsman
26:21 Fortified Wall
26:08 Murder Holes
25:54 Treadmill Crane
29:06 Arson
29:26 Heated Shot
30:46 Fletching
30:56 Padded Archer Armor
31:32 Iron Casting
30:58 Scale Mail Armor
31:21 Ballistics
33:04 Masonry
32:52 Bodkin Arrow
33:12 Leather Archer Armor
37:05 Imperial Age
37:48 Yeomen
37:46 Chain Mail Armor
37:25 Elite Longbowman
38:28 Conscription
37:39 Sappers
39:03 Two-Handed Swordsman
39:44 Squires
39:30 Gambesons
41:21 Two-Man Saw
39:44 Champion
40:27 Bracer
40:58 Ring Archer Armor
41:41 Chemistry
41:52 Ring Archer Armor
42:24 Blast Furnace
42:51 Caravan
51:00 Plate Mail Armor
49:54 Pikeman
50:44 Elite Skirmisher
66:36 Halberdier
67:07 Imperial Skirmisher
Connection lost

Rejoining the realm…

Still unreachable

The connection could not be restored.

Session expired

The server has moved on; the page needs a fresh start.